MLB
OAKLAND ATHLETICS @ CHICAGO CUBS
09/16/2024
 
TOP OF THE 1ST
Oakland Athletics batting - Pitching for Chicago Cubs : RHP Tyler Glasnow
Pitching: RHP Tyler Glasnow
Batting: RHB Jose Siri 0-0: Ball
1-0: Ball
2-0: Ball
3-0: Called Strike
3-1: Fly out, F8 (Line Drive, 8LM, EV 87.5 MPH)
Batting: LHB Kyle Tucker 0-0: Called Strike
0-1: Ball
1-1: Ball
2-1: Foul Ball, location: 2F
2-2: Ball
3-2: SINGLE (Line Drive, 4MD, EV 100.0 MPH)
Batting: RHB Jordan Westburg 0-0: Called Strike
0-1: Foul Ball, location: 9LDF
0-2: Foul Ball, location: 23FF
0-2: Ball
1-2: Ball
2-2: Foul Ball, location: 3F
2-2: Strikes out swinging
Batting: LHB Joc Pederson 0-0: SINGLE (Groundball, 4S, EV 65.0 MPH) (infield hit)
Kyle Tucker to second
Batting: RHB Elehuris Montero 0-0: Called Strike
0-1: Foul Ball, location: 25F
0-2: Ball
1-2: Strikes out swinging
Top of the 1st over - 0 runs, 2 hits, 0 errors, 2 left on base; Oakland 0 - Chicago 0
BOTTOM OF THE 1ST
Chicago Cubs batting - Pitching for Oakland Athletics : RHP Chris Bassitt
Pitching: RHP Chris Bassitt
Batting: SHB Wander [UNRATED] Franco 0-0: Ground out U3 (Groundball, 3L, EV 108.1 MPH)
Batting: LHB Jack Suwinski 0-0: Swinging Strike
0-1: Ball
1-1: Ball
2-1: Foul Ball, location: 7LDF
2-2: SINGLE (Groundball, 4MS, EV 70.0 MPH) (infield hit)
Batting: RHB Julio Rodriguez 0-0: Called Strike
0-1: Ball
1-1: Foul Ball, location: 7LSF
1-2: Ball
2-2: Foul Ball, location: 2F
2-2: Ball
3-2: 2-RUN HOME RUN (Flyball, 9D, EV 98.8 MPH), Distance : 383 ft
Batting: LHB Josh Naylor 0-0: Ball
1-0: Swinging Strike
1-1: Ground out 4-3 (Groundball, 4, EV 110.0 MPH)
Batting: SHB Ian Happ 0-0: Called Strike
0-1: Ground out U3 (Groundball, 3, EV 82.5 MPH)
Bottom of the 1st over - 2 runs, 2 hits, 0 errors, 0 left on base; Oakland 0 - Chicago 2
TOP OF THE 2ND
Oakland Athletics batting - Pitching for Chicago Cubs : RHP Tyler Glasnow
Batting: RHB Royce Lewis 0-0: Swinging Strike
0-1: Ball
1-1: Ball
2-1: Ball
3-1: Foul Ball, location: 25FF
3-2: Strikes out looking
Batting: LHB Josh Lowe 0-0: Called Strike
0-1: Called Strike
0-2: Strikes out swinging
Batting: LHB Michael Massey 0-0: Foul Ball, location: 23FF
0-1: Ball
1-1: Swinging Strike
1-2: Strikes out swinging
Top of the 2nd over - 0 runs, 0 hits, 0 errors, 0 left on base; Oakland 0 - Chicago 2
BOTTOM OF THE 2ND
Chicago Cubs batting - Pitching for Oakland Athletics : RHP Chris Bassitt
Batting: RHB Gleyber Torres 0-0: Ball
1-0: Swinging Strike
1-1: Ground out 4-3 (Groundball, P, EV 82.5 MPH)
Batting: RHB Dairon Blanco 0-0: Called Strike
0-1: Swinging Strike
0-2: SINGLE (Line Drive, 78S, EV 98.1 MPH)
Batting: RHB Dansby Swanson 0-0: Called Strike
Dairon Blanco steals 2nd base
0-1: Ball
1-1: Ground out 6-3 (Groundball, 6S, EV 68.1 MPH)
Dairon Blanco to third
Batting: RHB Austin Hedges 0-0: Ball
Passed Ball!
Dairon Blanco scores
1-0: Ball
2-0: Ball
3-0: Called Strike
3-1: Base on Balls
Batting: SHB Wander [UNRATED] Franco 0-0: Ball
1-0: Ball
2-0: Swinging Strike
2-1: Called Strike
2-2: Foul Ball, location: 9LMF
2-2: 2-RUN HOME RUN (Flyball, 7D, EV 101.3 MPH), Distance : 380 ft
Batting: LHB Jack Suwinski 0-0: Ball
1-0: Called Strike
1-1: Swinging Strike
1-2: Ball
2-2: Foul Ball, location: 3FF
2-2: Foul Ball, location: 3F
2-2: DOUBLE (Line Drive, 7LM, EV 106.9 MPH)
Batting: RHB Julio Rodriguez 0-0: Called Strike
0-1: Ball
1-1: Ball
2-1: Ball
3-1: Foul Ball, location: 5DF
3-2: Strikes out looking
Bottom of the 2nd over - 3 runs, 3 hits, 0 errors, 1 left on base; Oakland 0 - Chicago 5
TOP OF THE 3RD
Oakland Athletics batting - Pitching for Chicago Cubs : RHP Tyler Glasnow
Batting: RHB Nick Fortes 0-0: Ball
1-0: SINGLE (Groundball, 6MD, EV 98.8 MPH)
Batting: RHB Jose Siri 0-0: Ball
1-0: Called Strike
1-1: Called Strike
1-2: Strikes out looking
Batting: LHB Kyle Tucker 0-0: Ball
1-0: Swinging Strike
1-1: Ball
2-1: Foul Ball, location: 2F
2-2: Fly out, F9 (Flyball, 9, EV 91.9 MPH)
Batting: RHB Jordan Westburg 0-0: Called Strike
0-1: Swinging Strike
0-2: Ball
1-2: Strikes out swinging
Top of the 3rd over - 0 runs, 1 hit, 0 errors, 1 left on base; Oakland 0 - Chicago 5
BOTTOM OF THE 3RD
Chicago Cubs batting - Pitching for Oakland Athletics : RHP Chris Bassitt
Batting: LHB Josh Naylor 0-0: SINGLE (Line Drive, 9S, EV 95.6 MPH)
Batting: SHB Ian Happ 0-0: Called Strike
0-1: Swinging Strike
0-2: Ball
1-2: Strikes out swinging
Batting: RHB Gleyber Torres 0-0: Ball
1-0: Swinging Strike
1-1: Ball
2-1: Called Strike
2-2: Grounds into double play, U4-3 (Groundball, 6M, EV 81.9 MPH)
Bottom of the 3rd over - 0 runs, 1 hit, 0 errors, 0 left on base; Oakland 0 - Chicago 5
TOP OF THE 4TH
Oakland Athletics batting - Pitching for Chicago Cubs : RHP Tyler Glasnow
Batting: LHB Joc Pederson 0-0: Called Strike
0-1: Called Strike
0-2: Strikes out swinging
Batting: RHB Elehuris Montero 0-0: Ball
1-0: Foul Ball, location: 5FF
1-1: Foul Ball, location: 25FF
1-2: Foul Ball, location: 2F
1-2: Foul Ball, location: 9LDF
1-2: SINGLE (Groundball, 6MS, EV 70.0 MPH) (infield hit)
Pinch Runner at 1st Giovanny Urshela:
Batting: RHB Royce Lewis 0-0: Ball
1-0: TRIPLE (Flyball, 9LD, EV 108.1 MPH)
Giovanny Urshela scores
Batting: LHB Josh Lowe 0-0: Ball
1-0: Fly out, F7 (Flyball, 78M, EV 78.8 MPH)
Runner from 3rd tags up, SCORES, throw by LF
Batting: LHB Michael Massey 0-0: Called Strike
0-1: Ball
1-1: Ball
2-1: Swinging Strike
2-2: Ball
3-2: Foul Ball, location: 2F
3-2: Strikes out swinging
Top of the 4th over - 2 runs, 2 hits, 0 errors, 0 left on base; Oakland 2 - Chicago 5
BOTTOM OF THE 4TH
Chicago Cubs batting - Pitching for Oakland Athletics : RHP Chris Bassitt
Now at 1B: Giovanny Urshela
Batting: RHB Dairon Blanco 0-0: Called Strike
0-1: Ground out U3 (Groundball, 34, EV 86.9 MPH)
Batting: RHB Dansby Swanson 0-0: Called Strike
0-1: Ball
1-1: Foul Ball, location: 2F
1-2: Strikes out swinging
Batting: RHB Austin Hedges 0-0: Ball
1-0: SINGLE (Groundball, 56D, EV 98.1 MPH)
Pitching: LHP Ken Waldichuk
Batting: SHB Wander [UNRATED] Franco 0-0: Foul Ball, location: 23F
0-1: Ball
1-1: Swinging Strike
1-2: SINGLE (Line Drive, 4M, EV 97.5 MPH)
Austin Hedges to second
Batting: LHB Jack Suwinski 0-0: Foul Ball, location: 23F
0-1: Ground out 4-3 (Groundball, 4, EV 92.5 MPH)
Bottom of the 4th over - 0 runs, 2 hits, 0 errors, 2 left on base; Oakland 2 - Chicago 5
TOP OF THE 5TH
Oakland Athletics batting - Pitching for Chicago Cubs : RHP Tyler Glasnow
Batting: RHB Nick Fortes 0-0: Ball
1-0: Called Strike
1-1: Foul Ball, location: 9LMF
1-2: Ball
2-2: Ground out 6-3 (Groundball, 6, EV 81.3 MPH)
Batting: RHB Jose Siri 0-0: Ground out 5-3 (Groundball, 56S, EV 68.8 MPH)
Batting: LHB Kyle Tucker 0-0: Ball
1-0: Ground out 4-3 (Groundball, 4, EV 83.8 MPH)
Top of the 5th over - 0 runs, 0 hits, 0 errors, 0 left on base; Oakland 2 - Chicago 5
BOTTOM OF THE 5TH
Chicago Cubs batting - Pitching for Oakland Athletics : LHP Ken Waldichuk
Batting: RHB Julio Rodriguez 0-0: Called Strike
0-1: Ball
1-1: Fly out, F8 (Flyball, 8RD, EV 93.8 MPH)
Batting: LHB Josh Naylor 0-0: Called Strike
0-1: Ball
1-1: Foul Ball, location: 3F
1-2: Ball
2-2: Foul Ball, location: 7LSF
2-2: Foul Ball, location: 2RF
2-2: Fly out, F8 (Flyball, 8RXD, EV 100.6 MPH)
Batting: SHB Ian Happ 0-0: Called Strike
0-1: Ground out 6-3 (Groundball, 6, EV 89.4 MPH)
Bottom of the 5th over - 0 runs, 0 hits, 0 errors, 0 left on base; Oakland 2 - Chicago 5
TOP OF THE 6TH
Oakland Athletics batting - Pitching for Chicago Cubs : RHP Tyler Glasnow
Pitching: RHP Chad Green
Batting: RHB Jordan Westburg 0-0: Swinging Strike
0-1: Swinging Strike
0-2: Ball
1-2: Foul Ball, location: 9LMF
1-2: Ball
2-2: Ground out 6-3 (Groundball, 6, EV 88.8 MPH)
Now at SS: Danny Mendick
Batting: LHB Joc Pederson 0-0: Ball
1-0: Ball
2-0: Foul Ball, location: 2F
2-1: Ball
3-1: Foul Ball, location: 3FF
3-2: DOUBLE (Line Drive, 5D, EV 95.6 MPH)
Batting: RHB Giovanny Urshela 0-0: Ball
1-0: Ball
2-0: Ground out 6-3 (Groundball, 56, EV 97.5 MPH)
Joc Pederson to third
Batting: RHB Royce Lewis 0-0: Ball
1-0: Foul Ball, location: 2F
1-1: Fly out, F7 (Flyball, 7, EV 93.8 MPH)
Top of the 6th over - 0 runs, 1 hit, 0 errors, 1 left on base; Oakland 2 - Chicago 5
BOTTOM OF THE 6TH
Chicago Cubs batting - Pitching for Oakland Athletics : LHP Ken Waldichuk
Batting: RHB Gleyber Torres 0-0: Ball
1-0: Reached on error, E2 (Groundball, 15S, EV 72.5 MPH)
Batting: RHB Dairon Blanco 0-0: Called Strike
0-1: Called Strike
0-2: Strikes out swinging
Batting: RHB Danny Mendick 0-0: Ball
1-0: Called Strike
1-1: Ball
2-1: Ball
3-1: Foul Ball, location: 5F
3-2: Ground out 4-3 (Groundball, 4, EV 81.3 MPH)
Gleyber Torres to second
Pitching: LHP Lucas Luetge
Batting: RHB Austin Hedges 0-0: Hit by Pitch
Batting: SHB Wander [UNRATED] Franco 0-0: Ball
1-0: Called Strike
1-1: Ball
2-1: Foul Ball, location: 7LMF
2-2: Foul Ball, location: 25FF
2-2: SINGLE (Groundball, 34D, EV 101.3 MPH)
Gleyber Torres to third
Austin Hedges to second
Runner from 3rd tries for Home, SAFE, throw by RF to home
Austin Hedges to third
Wander [UNRATED] Franco to second
Batting: LHB Jack Suwinski 0-0: Swinging Strike
0-1: Swinging Strike
0-2: Strikes out swinging
Bottom of the 6th over - 1 run, 1 hit, 1 error, 2 left on base; Oakland 2 - Chicago 6
TOP OF THE 7TH
Oakland Athletics batting - Pitching for Chicago Cubs : RHP Chad Green
Batting: LHB Josh Lowe 0-0: Foul Ball, location: 2F
0-1: Foul Ball, location: 7LMF
0-2: Strikes out looking
Batting: LHB Michael Massey 0-0: Ball
1-0: Foul Ball, location: 7LSF
1-1: Foul Ball, location: 2F
1-2: Ball
2-2: Ball
3-2: Strikes out swinging
Batting: RHB Nick Fortes 0-0: Called Strike
0-1: Foul Ball, location: 2F
0-2: Foul Ball, location: 5F
0-2: Ball
1-2: Ball
2-2: Ground out 4-3 (Groundball, 4S, EV 68.8 MPH)
Top of the 7th over - 0 runs, 0 hits, 0 errors, 0 left on base; Oakland 2 - Chicago 6
BOTTOM OF THE 7TH
Chicago Cubs batting - Pitching for Oakland Athletics : LHP Lucas Luetge
Batting: RHB Julio Rodriguez 0-0: Ball
1-0: Ball
2-0: SINGLE (Groundball, 13S, EV 71.9 MPH) (infield hit)
Batting: LHB Josh Naylor 0-0: Ball
1-0: Called Strike
Julio Rodriguez steals 2nd base
1-1: Ball
2-1: Swinging Strike
2-2: Strikes out swinging
Pitching: LHP Andrew Misiaszek
Batting: SHB Ian Happ 0-0: Ball
Julio Rodriguez steals 3rd base
1-0: Swinging Strike
1-1: Called Strike
1-2: Ball
2-2: Ball
3-2: Foul Ball, location: 7LSF
3-2: Strikes out looking
Batting: RHB Gleyber Torres 0-0: Ball
1-0: Called Strike
1-1: Fly out, F4 (Popup, 6MD, EV 60.0 MPH)
Bottom of the 7th over - 0 runs, 1 hit, 0 errors, 1 left on base; Oakland 2 - Chicago 6
TOP OF THE 8TH
Oakland Athletics batting - Pitching for Chicago Cubs : RHP Chad Green
Pitching: RHP Andres Muñoz
Batting: RHB Jose Siri 0-0: Ball
1-0: Foul Ball, location: 2F
1-1: Foul Ball, location: 5F
1-2: Foul Ball, location: 23F
1-2: Ball
2-2: Ball
3-2: Base on Balls
Batting: LHB Kyle Tucker 0-0: Foul Ball, location: 2F
0-1: Ball
1-1: Called Strike
1-2: SINGLE (Groundball, 6MD, EV 95.0 MPH)
Jose Siri to second
Runner from 2nd tries for 3rd, SAFE, throw by CF made to third
Batting: RHB Jordan Westburg 0-0: Called Strike
0-1: Ball
1-1: Ball
2-1: Called Strike
2-2: Foul Ball, location: 2F
2-2: Strikes out swinging
Pitching: LHP Brooks Raley
Batting: RHB Tim Anderson 0-0: Called Strike
0-1: Foul Ball, location: 2F
0-2: Foul Ball, location: 5F
0-2: Strikes out looking
Batting: RHB Giovanny Urshela 0-0: Called Strike
0-1: Ball
1-1: Called Strike
1-2: SINGLE (Line Drive, 89S, EV 103.1 MPH)
Jose Siri scores
Kyle Tucker to second
Batting: RHB Royce Lewis 0-0: Called Strike
0-1: Ball
1-1: Foul Ball, location: 9LDF
1-2: Foul Ball, location: 5DF
1-2: Fielders Choice at 2nd, 6-4 (Groundball, 6, EV 81.9 MPH)
Top of the 8th over - 1 run, 2 hits, 0 errors, 2 left on base; Oakland 3 - Chicago 6
BOTTOM OF THE 8TH
Chicago Cubs batting - Pitching for Oakland Athletics : LHP Andrew Misiaszek
Batting: RHB Dairon Blanco 0-0: Called Strike
0-1: Ground out 6-3 (Groundball, 6, EV 90.0 MPH)
Batting: RHB Danny Mendick 0-0: Called Strike
0-1: Ball
1-1: Foul Ball, location: 5DF
1-2: Fly out, F7 (Flyball, 78M, EV 93.1 MPH)
Batting: RHB Austin Hedges 0-0: Ball
1-0: Ball
2-0: Foul Ball, location: 23F
2-1: Foul Ball, location: 3F
2-2: DOUBLE (Flyball, 8RXD, EV 102.5 MPH)
Batting: SHB Wander [UNRATED] Franco 0-0: Fly out, F9 (Line Drive, 9, EV 92.5 MPH)
Bottom of the 8th over - 0 runs, 1 hit, 0 errors, 1 left on base; Oakland 3 - Chicago 6
TOP OF THE 9TH
Oakland Athletics batting - Pitching for Chicago Cubs : LHP Brooks Raley
Pitching: RHP David Bednar
Batting: LHB Josh Lowe 0-0: Called Strike
0-1: Ball
1-1: Ball
2-1: Ball
3-1: Base on Balls
Batting: LHB Michael Massey 0-0: Ball
1-0: Ball
2-0: Ball
3-0: Called Strike
3-1: DOUBLE (Flyball, 78XD, EV 95.0 MPH)
Josh Lowe to third
Batting: RHB Nick Fortes 0-0: Ball
1-0: SINGLE (Line Drive, 5D, EV 94.4 MPH)
Josh Lowe scores
Michael Massey to third
Batting: RHB Jose Siri 0-0: Foul Ball, location: 25F
0-1: Ball
1-1: Fielders Choice at 2nd, 6-4 (Groundball, 6, EV 107.5 MPH)
Michael Massey scores
Pitching: RHP Drew Smith
Batting: LHB Kyle Tucker 0-0: Ball
1-0: Ball
2-0: Ball
3-0: Called Strike
3-1: Base on Balls
Jose Siri to second
Batting: RHB Jordan Westburg 0-0: Swinging Strike
0-1: Ball
1-1: Ball
2-1: Fly out, F8 (Flyball, 8LS, EV 91.9 MPH)
Batting: LHB Zach DeLoach 0-0: Foul Ball, location: 7LSF
0-1: Foul Ball, location: 7LMF
0-2: Ball
1-2: Strikes out swinging
Top of the 9th over - 2 runs, 2 hits, 0 errors, 2 left on base; Oakland 5 - Chicago 6
Tuesday, September 17th , 2024 - OOTP Baseball 25.9 Build 90